 Dungeon Crawl Stone Soup version 0.26-a0-812-g31a745ddcd (webtiles) character file.

Game seed: 9102525909783716019

194 Dracia the Conjurer (level 5, 0/38 HPs)
             Began as a Draconian Conjurer on Dec 5, 2020.
             Succumbed to Ijyb's poison
             ... on level 3 of the Dungeon.
             The game lasted 00:05:44 (3519 turns).

Dracia the Conjurer (Draconian Conjurer)            Turns: 3519, Time: 00:05:44

Health: 0/38       AC:  5    Str:  9    XL:     5   Next: 44%
Magic:  7/11       EV: 11    Int: 19    God:
Gold:   136        SH:  0    Dex: 10    Spells: 2/12 levels left

rFire    . . .     SeeInvis +   h - +1 whip (venom)
rCold    . . .     Faith    .   (no shield)
rNeg     . . .     Spirit   .   (armour unavailable)
rPois    .         Reflect  .   (helmet restricted)
rElec    .         Harm     .   (no cloak)
rCorr    .         Rampage  .   (no gloves)
MR       .....                  (no boots)
Stlth    +.........             (no amulet)
HPRegen  0.12/turn              v - ring of see invisible
MPRegen  0.12/turn              (no ring)

@: lethally poisoned (0 -> -21), attractive, flying, hasted, drained, very quick
A: unfitting armour, cold-blooded, AC +5
a: no special abilities


You were on level 3 of the Dungeon.
You visited 1 branch of the dungeon, and saw 3 of its levels.

You collected 136 gold pieces.


Innate Abilities, Weirdness & Mutations

Your plain brown scales are hard. (AC +5)
You cannot fit into any form of body armour.
You are cold-blooded and may be slowed by cold attacks.


   Skills:
 - Level 1.7(1.1) Dodging
 - Level 1.7(1.1) Stealth
 + Level 4.0(3.3) Spellcasting
 + Level 5.5(4.9) Conjurations


You had 2 spell levels left.
You knew the following spells:

 Your Spells              Type           Power        Failure   Level
d - Dazzling Flash        Conj/Hex       ##....       16%         3
f - Fulminant Prism       Conj/Hex       ##........   47%         4
s - Searing Ray           Conj           ###...       3%          2
z - Magic Dart            Conj           ###.         1%          1

Your spell library contained the following spells:

 Spells                   Type           Power        Failure   Level
 Summon Small Mammal      Summ           #...         14%         1
 Call Imp                 Summ           #.......     22%         2
 Call Canine Familiar     Summ           #.......     41%         3
 Summon Guardian Golem    Hex/Summ       #.......     41%         3
 Iskenderun's Mystic Bla  Conj/Tloc      ##......     47%         4
 Summon Ice Beast         Ice/Summ       #.......     82%         4
 Summon Lightning Spire   Summ/Air       #.......     82%         4

Inventory:

Hand Weapons
 b - a +0 club
 h - a +1 whip of venom (weapon)
Missiles
 i - 12 poisoned darts (quivered)
Magical Staves
 m - an uncursed staff of fire {!a!a}
Jewellery
 v - a ring of see invisible (left hand)
Wands
 k - a wand of digging (5)
 p - a wand of flame (17)
Scrolls
 a - 3 scrolls of identify {unknown}
 c - a scroll of noise {unknown}
 e - a scroll of immolation {unknown}
 g - 4 scrolls of teleportation {unknown}
 l - a scroll of enchant armour {unknown}
Potions
 d - 2 potions of attraction
 f - a potion of flight
 j - a potion of brilliance {unknown}
 n - a potion of invisibility {unknown}
 o - a potion of haste {@q3@q3}

Dungeon Overview and Level Annotations

Branches:
Dungeon (3/15)

Altars:
Makhleb
Qazlal
Ru
Yredelemnul

Annotations:
D:3 Ijyb

#### ..... ...###
..># #.######
#.@g...# #.##.#.#
####.##.#
###..#....#
###......####
###......#.......
###......#+#....###
###......### ###..#
##......### ..#


You could see Ijyb.


Message History

Ijyb is almost dead.
You finish channeling your searing ray.
Ijyb zaps a wand.
You are blasted!
Ouch! That really hurt!
* * * LOW HITPOINT WARNING * * *
Ijyb hits you with a +0 dagger of venom.
* * * LOW HITPOINT WARNING * * *
You are poisoned.
You feel sick. Ijyb closely misses you. Ijyb hits you but does no damage.
You are lethally poisoned!
* * * LOW HITPOINT WARNING * * *
You feel sick.
Ijyb hits you with a +0 dagger of venom.
* * * LOW HITPOINT WARNING * * *
Unknown command.
It was a potion of attraction.
You feel attractive to monsters.
* * * LOW HITPOINT WARNING * * *
You feel sick. Ijyb barely misses you.
It was a potion of haste.
You feel yourself speed up.
* * * LOW HITPOINT WARNING * * *
You feel sick.
Ijyb hits you with a +0 dagger of venom.
* * * LOW HITPOINT WARNING * * *
You are more poisoned.
It was a potion of flight.
You feel very buoyant.
You fly up into the air.
You die...

Skill      XL: |  1  2  3  4  5 |
---------------+----------------+-----
Spellcasting   | 3 4 |  4.0
Conjurations   | 5 |  5.5
Dodging        | |  1.7
Stealth        | |  1.7

Action                   |  1- 3 |  4- 6 || total
-------------------------+-------+-------++-------
Melee: Unarmed           |    23 |       ||    23
       Whip              |    93 |   100 ||   193
       Club              |    10 |       ||    10
       Tailslap          |     9 |    10 ||    19
 Cast: Magic Dart        |    12 |       ||    12
       Searing Ray       |     3 |     3 ||     6
  Use: Potion            |       |     3 ||     3
 Stab: Sleeping          |     4 |     1 ||     5
Armor: Skin              |    52 |    34 ||    86
Dodge: Dodged            |   103 |    69 ||   172

Levels and vault maps discovered:
D:1:      saegor_arrival_simple_e, layout_loops_ring, minmay_pentomino_w4
D:2:      layout_rooms, grunt_qazlal_clouds, yredelemnul_altar_generic,
          lemuel_round_altar
D:3:      minmay_razor_zed, layout_basic, makhleb_heckhound_becter,
          grunt_ministairs_9, uniq_robin, uniq_ijyb, uniq_terence

Notes
Turn   | Place    | Note
-------+----------+-------------------------------------------
     0 | D:1      | Dracia the Draconian Conjurer began the quest for the Orb.
     0 | D:1      | Reached XP level 1. HP: 14/14 MP: 3/3
   386 | D:1      | Reached XP level 2. HP: 20/20 MP: 1/5
   903 | D:1      | Learned a level 2 spell: Searing Ray
   991 | D:1      | Reached XP level 3. HP: 21/26 MP: 7/7
  1266 | D:1      | Learned a level 3 spell: Dazzling Flash
  1569 | D:2      | Reached skill level 3 in Spellcasting
  1636 | D:2      | Found a sacrificial altar of Ru.
  1677 | D:2      | Found a basalt altar of Yredelemnul.
  1855 | D:2      | Reached XP level 4. HP: 26/33 MP: 5/8
  1858 | D:2      | Found a stormy altar of Qazlal.
  2165 | D:2      | Reached skill level 5 in Conjurations
  2435 | D:3      | Found a burning altar of Makhleb.
  2701 | D:3      | Reached XP level 5. HP: 38/38 MP: 10/10
  2907 | D:3      | Noticed Terence
  2934 | D:3      | Learned a level 4 spell: Fulminant Prism
  3154 | D:3      | HP: 3/38 [Terence/puff of flame (10)]
  3155 | D:3      | Killed Terence
  3155 | D:3      | Reached skill level 4 in Spellcasting
  3507 | D:3      | Noticed Ijyb
  3518 | D:3      | HP: 3/38 [poisoned by Ijyb]
  3519 | D:3      | Succumbed to Ijyb's poison

Vanquished Creatures
  A hound (D:3)
  Terence (D:3)
  4 adders
  2 oozes
  3 worms
  4 dart slugs
  2 leopard geckos
  5 orcs
  13 bats
  A giant cockroach (D:2)
  8 goblins
  8 hobgoblins
  4 jackals
  A quokka (D:3)
  A ball python (D:3)
  5 frilled lizards
  5 kobolds
  7 rats
75 creatures vanquished.

Table legend: (Time is in decaauts)
 A = Elapsed time spent in this place.
 B = Non-inter-level travel time spent in this place.
 C = Inter-level travel time spent in this place.
 D = Time resting spent in this place.
 E = Time spent auto-exploring this place.
 F = Levels seen in this place.
 G = Mean time per level.
                   A        B        C        D        E       F      G
               +--------+--------+--------+--------+--------+-----+--------+
         Total |   3538 |   3501 |     37 |    660 |   2215 |   3 | 1179.3 |
       Dungeon |   3538 |   3501 |     37 |    660 |   2215 |   3 | 1179.3 |
               +--------+--------+--------+--------+--------+-----+--------+

Top non-repeatable levels by time:
     D:1: 1513 daAuts
     D:3: 1097 daAuts
     D:2: 927 daAuts

Table legend:
 A = Non-vault XP
 B = Vault XP
 C = Vault XP percentage of total XP
 D = Non-vault monster count
 E = Vault monster count
 F = Vault count percentage of total count
                 A         B        C        D         E       F
            +---------+---------+-------+---------+---------+-------
      Total |     172 |     106 |  38.1 |      65 |      10 |  13.3
            +---------+---------+-------+---------+---------+-------
        D:1 |      45 |      11 |  19.6 |      24 |       6 |  20.0
        D:2 |      68 |       0 |   0.0 |      26 |       0 |   0.0
        D:3 |      59 |      95 |  61.7 |      15 |       4 |  21.1
            +---------+---------+-------+---------+---------+-------
